 Dungeon Crawl Stone Soup version 0.16-a0-1132-gad589c6 (webtiles) character file.

1094 RobertPalmer the Spear-Bearer (level 8, -1/52 HPs)
             Began as an Octopode Fighter on Oct 7, 2014.
             Succumbed to an orc wizard's poison
             ... on level 4 of the Dungeon.
             The game lasted 00:06:58 (4482 turns).

RobertPalmer the Spear-Bearer (Octopode Fighter)    Turns: 4482, Time: 00:06:58

Health: -1/52      AC:  1    Str: 15    XL:     8   Next: 31%
Magic:  8/8        EV: 16    Int: 12    God:
Gold:   121        SH: 10    Dex: 17    Spells: 0 memorised, 7 levels left

rFire  . . .     SeeInvis .     a - +0 spear (flame)
rCold  . . .     Clarity  .     c - +1 shield
rNeg   . . .     SustAb   .     (helmet restricted)
rPois  .         Gourm    .     (no amulet)
rElec  .         Spirit   .     (no ring)
rCorr  .         Warding  .     (no ring)
rMut   .         Stasis   .     (no ring)
MR     .....                    (no ring)
Stlth  +++.......               (no ring)
                                (no ring)
                                (no ring)
                                (no ring)

@: agile, lethally poisoned, not resistant to hostile enchantments, fairly
stealthy
A: almost no armour, amphibious, 8 rings, constrict 8, camouflage 1, gelatinous
body 1
a: no special abilities


You were on level 4 of the Dungeon.
You were not hungry.

You visited 1 branch of the dungeon, and saw 5 of its levels.

You collected 121 gold pieces.


Innate Abilities, Weirdness & Mutations

You cannot wear most types of armour.
You are amphibious.
You can wear up to eight rings at the same time.
You can use your tentacles to constrict many enemies at once.
Your skin changes colour to match your surroundings (Stealth).
Your rubbery body absorbs attacks (AC +1).


   Skills:
 - Level 3.0 Fighting
   Level 2.0 Maces & Flails
 - Level 9.1 Polearms
 - Level 3.0 Dodging
 + Level 3.8 Shields


You had 7 spell levels left.
You didn't know any spells.

Inventory:

Hand weapons
 a - a +0 spear of flaming (weapon)
Missiles
 t - 2 javelins (quivered)
Armour
 c - a +1 shield (worn)
Magical devices
 s - a wand of draining (0)
Comestibles
 b - a chunk of adder flesh {@*1}
 d - 3 bread rations
 j - 3 slices of pizza
 r - 2 beef jerkies
Scrolls
 g - 2 scrolls of remove curse
 h - a scroll of teleportation
Potions
 e - a potion of might
 f - a potion of flight
 k - a potion of agility
 p - a potion of brilliance

Dungeon Overview and Level Annotations

Branches:
Dungeon (5/15)
 Temple: D:4-7

Altars:

#.# #.####.# #K# #K# #.#######
#(# #.# #.......# #(####.#
#######.# #.(.K..# #.# ########
#(# ## ########### #)# #.
#.........#####)#### #.
#.........#>..@....## #.
#.......[.#..#####..# #.
#.........#..# ##.# #######.
#.....(......# #.# #....(..
#.........#..######.####..[....
#.........#..#.............)...
#.........#..#.................
#.........#..#.................
########[##..#.....[......###..


There were no monsters in sight!


Message History

You hit something. You burn something.
* * * LOW HITPOINT WARNING * * *
You feel sick.
You miss something.
* * * LOW HITPOINT WARNING * * *
You feel sick. Something hits you.
* * * LOW HITPOINT WARNING * * *
You are more poisoned.
The orc throws a tomahawk.
The tomahawk barely misses you.
You hit something. You burn something. You squeeze something.
Reactivating autopickup.
You feel a bit more experienced.
* * * LOW HITPOINT WARNING * * *
You feel sick.
* * * LOW HITPOINT WARNING * * *
You feel sick.
Things that are here:
a glowing dagger; a robe; an orc corpse You hit the orc.
You burn the orc.
You kill the orc!
* * * LOW HITPOINT WARNING * * *
You feel sick.
* * * LOW HITPOINT WARNING * * *
You feel sick.
Things that are here:
a dagger; a chain mail; a tomahawk
* * * LOW HITPOINT WARNING * * *
You feel sick.
Unknown command.
You die...

Action                   |  1- 3 |  4- 6 |  7- 9 || total
-------------------------+-------+-------+-------++-------
Melee: Spear             |    84 |    81 |    77 ||   242
       Flail             |     2 |       |       ||     2
Throw: Javelin           |       |     1 |       ||     1
Evoke: Wand              |       |     2 |       ||     2
  Use: Scroll            |       |    11 |       ||    11
       Potion            |       |     4 |     2 ||     6
 Stab: Sleeping          |     7 |       |     2 ||     9
       Invisible         |       |     5 |       ||     5
  Eat: Chunk             |     1 |     5 |       ||     6
       Meat ration       |       |       |     1 ||     1

Vault maps used:
D:1:      dpeg_arrival_solitude, minmay_cupped
D:2:      st_stairs_14
D:3:      first_bread
D:4:      uniq_pikel, uniq_edmund
D:5:      uniq_iyjb, uniq_crazy_yiuf_cottage, uniq_grinder

Notes
Turn   | Place    | Note
--------------------------------------------------------------
     0 | D:1      | RobertPalmer, the Octopode Fighter, began the quest for the Orb.
     0 | D:1      | Reached XP level 1. HP: 16/16 MP: 1/1
   149 | D:1      | Reached skill level 1 in Polearms
   149 | D:1      | Reached XP level 2. HP: 21/21 MP: 2/2
   161 | D:1      | Reached skill level 2 in Polearms
   303 | D:1      | Reached XP level 3. HP: 26/26 MP: 3/3
  1031 | D:2      | Reached skill level 3 in Polearms
  1545 | D:3      | Reached XP level 4. HP: 19/31 MP: 4/4
  2101 | D:4      | Reached skill level 4 in Polearms
  2257 | D:4      | Reached XP level 5. HP: 36/36 MP: 5/5
  2332 | D:4      | Reached skill level 5 in Polearms
  2692 | D:4      | Reached XP level 6. HP: 17/42 MP: 6/6
  2886 | D:4      | Reached skill level 6 in Polearms
  2970 | D:4      | Noticed a slave
  2972 | D:4      | Noticed a slave
  2975 | D:4      | Noticed Pikel
  3266 | D:4      | Noticed a slave
  3266 | D:4      | Noticed a slave
  3291 | D:4      | Killed Pikel
  3291 | D:4      | Reached skill level 8 in Polearms
  3291 | D:4      | Reached XP level 7. HP: 6/46 MP: 7/7
  3640 | D:4      | Reached XP level 8. HP: 52/52 MP: 8/8
  3663 | D:4      | Noticed Edmund
  3678 | D:4      | Killed Edmund
  3678 | D:4      | Reached skill level 9 in Polearms
  4021 | D:5      | Entered Level 5 of the Dungeon
  4478 | D:4      | HP: 4/52 [poisoned by an orc wizard]
  4480 | D:4      | HP: 1/52 [poisoned by an orc wizard]
  4482 | D:4      | Succumbed to an orc wizard's poison

Vanquished Creatures
  Pikel (D:4)
  Edmund (D:4)
  An ogre (D:4)
  A scorpion (D:4)
  2 orc priests
  3 worker ants
  A hound (D:4)
  2 orc wizards (D:4)
  3 iguanas (D:4)
  3 adders
  A gnoll (D:1)
  A worm (D:3)
  5 giant geckos
  An ooze (D:2)
  5 orcs
  2 bats
  A bat skeleton (D:4)
  3 giant cockroaches (D:1)
  8 goblins
  10 hobgoblins
  4 kobolds
  A quokka (D:3)
  4 giant newts
  An orc skeleton (D:4)
  8 rats
73 creatures vanquished.

Vanquished Creatures (others)
  A kobold (D:4)
  A giant newt skeleton (D:4)
2 creatures vanquished.

Grand Total: 75 creatures vanquished
